[Event "Late-Titled-Tuesday-Blitz-February-06-2024"]
[Site "Chess.com"]
[Date "2024.02.06"]
[Round "4"]
[White "LiemLe"]
[Black "kuli4ik"]
[Result "1-0"]
[WhiteElo "3037"]
[BlackElo "2859"]
[TimeControl "180+1"]
[EndTime "14:38:49 PST"]
[Termination "LiemLe won by resignation"]

1. Nf3 g6 2. d4 Bg7 3. e4 d6 4.
Nc3 a6 5. a4 Nf6 6. h3 O-O 7.
Be3 Nc6 8. d5 Nb4 9. a5 e6 10.
Bc4 exd5 11. exd5 Re8 12. O-O c6 13. dxc6 bxc6 14. Na4 Rxe3 15. fxe3 d5 16. Nb6 Rb8 17. c3 Qe7 18. cxb4 dxc4 19. Ra3 Nd5 20. Nd4 Nxb4 21.
Nxc4 c5 22. Nf3 Be6 23. Qe2 h6 24. Nb6 Rd8 25. e4 c4 26. Nxc4 Qc5+ 27. Ne3 Nc6 28. Kh1 Nxa5 29. Nd5 Kh7 30. Qxa6 Bxd5 31. Rxa5 Qc4 32. exd5 1-0

[Event "Late-Titled-Tuesday-Blitz-February-06-2024"]
[Site "Chess.com"]
[Date "2024.02.06"]
[Round "4"]
[White "MolecularChemist"]
[Black "DreamsAreFake"]
[Result "1-0"]
[WhiteElo "2956"]
[BlackElo "2723"]
[TimeControl "180+1"]
[EndTime "14:38:49 PST"]
[Termination "MolecularChemist won by resignation"]

1. Nf3 Nf6 2. e3 b6 3. c4 Bb7 4. Nc3 c6 5. b3 Na6 6. Bb2 Nc7 7. d4 g6 8. e4 d6 9. Bd3 Bg7 10. O-O Nd7 11. Re1 e5 12. Ne2 O-O 13. Qc2 Ne6 14. Rad1 Qe7 15. d5 cxd5 16. exd5 Nec5 17. Ned4 f5 18. Nc6 Bxc6 19. dxc6 Nb8 20. b4 Nxd3 21. Qxd3 e4 22. Qd5+ Kh8 23. Bxg7+ Kxg7 24. Nd4 Re8 25.
b5 a6 26. c7 Nd7 27. Nc6 Qf6 28. Nb8 Raxb8 29. cxb8=Q Rxb8 30. bxa6 Qf8 31. a7 Ra8 32.
Qb7 Qc8 33. Qxc8 Rxc8 34. Rxd6 Nc5 35. Rxb6 Ra8 36. Rb5 Nd3 37. Rb7+ Kf6 38. Reb1 Ne5 39. R1b6+ Kg5 40. Ra6 Rd8 41. Rb1 Rd2 42. a8=Q Nd3 43. Qd8+ Kh5 44. Qd4 Re2 45. Ra3 Nf4 46. Qd1 Kg5 47.
Rg3+ Kh4 48. Re3 Rb2 49. Rxb2 1-0

[Event "Late-Titled-Tuesday-Blitz-February-06-2024"]
[Site "Chess.com"]
[Date "2024.02.06"]
[Round "4"]
[White "Reality-Stone"]
[Black "LyonBeast"]
[Result "0-1"]
[WhiteElo "2627"]
[BlackElo "3146"]
[TimeControl "180+1"]
[EndTime "14:38:49 PST"]
[Termination "LyonBeast won by resignation"]

1. d4 Nf6 2. Nf3 d5 3. Bf4 c5 4.
e3 Nc6 5. Nbd2 Nh5 6. Bg5 h6 7.
Bh4 g5 8. Ne5 Nxe5 9. Qxh5 Bg4 10. Bb5+ Qd7 11. Bxd7+ Kxd7 12. Qxg4+ Nxg4 13. Bg3 Rc8 14.
c3 Bg7 15. h3 Nf6 16. dxc5 Rxc5 17. Be5 Ra8 18. O-O-O Ke6 19. Nb3 Rcc8 20. f4 Ne8 21.
Nd4+ Kd7 22. Nf5 Bxe5 23. fxe5 Ke6 24. Nxh6 f6 25. exf6 Nxf6 26. Ng4 Ne4 27. Rhf1 Rf8 28. Kc2 a5 29. Kd3 Kd6 30. Nh2 Nf2+ 31. Ke2 Nxd1 32.
Rxd1 e6 33. Nf3 Rg8 34. g4 Raf8 35. e4 Rf4 36. exd5 exd5 37. Rd3 b5 38. Nd4 b4 39. Nf5+ Kc5 40. cxb4+ axb4 41. Kd1 Re8 42. Kc2 Re2+ 43. Kb3 Rff2 44. Ka4 Rxb2 45. a3 Ra2 46. Ne3 Rxa3+ 0-1

[Event "Late-Titled-Tuesday-Blitz-February-06-2024"]
[Site "Chess.com"]
[Date "2024.02.06"]
[Round "4"]
[White "lachesisQ"]
[Black "djano"]
[Result "0-1"]
[WhiteElo "3058"]
[BlackElo "2636"]
[TimeControl "180+1"]
[EndTime "14:38:49 PST"]
[Termination "djano won by resignation"]

1. e4 c5 2. Nf3 Nc6 3. Bb5 e5 4.
O-O Nge7 5. c3 g6 6. d4 cxd4 7.
cxd4 exd4 8. Nxd4 Bg7 9. Be3 O-O 10. Nc3 d5 11. exd5 Nxd5 12. Nxc6 bxc6 13. Nxd5 cxb5 14. Bc5 Re8 15. Ne7+ Kh8 16. Qf3 Be6 17. Rad1 Qc7 18. b4 a5 19. a3 axb4 20. axb4 h5 21. h3 Ra2 22. Nc6 Bc4 23. Rfe1 Ree2 24. Be3 Rxe1+ 25. Rxe1 Kh7 26. Bd4 Bxd4 27. Nxd4 Qd6 28. Qc3 Qf6 29. Qe3 Qd6 30. Nf3 Kg7 31. Ng5 Qf6 32. Ne4 Qe5 33.
f4 Qb2 34. Qg3 Qd4+ 35. Kh2 Bd5 36. Qc3 Qxc3 37. Nxc3 Rxg2+ 38. Kh1 Re2+ 39. Nxd5 Rxe1+ 40. Kg2 Rb1 41. Kf3 Rb3+ 0-1

[Event "Late-Titled-Tuesday-Blitz-February-06-2024"]
[Site "Chess.com"]
[Date "2024.02.06"]
[Round "4"]
[White "VitorBronson"]
[Black "FMOlexandrProhorov"]
[Result "1/2-1/2"]
[WhiteElo "2504"]
[BlackElo "2307"]
[TimeControl "180+1"]
[EndTime "14:38:49 PST"]
[Termination "Game drawn by repetition"]

1. d4 g6 2. c4 Bg7 3. Nc3 c5 4. d5 Bxc3+ 5. bxc3 f5 6. d6 Nc6 7. Qd5 Qa5 8. Bd2 e6 9. Qd3 Nf6 10. h3 Qa4 11. g4 Ne5 12. Qe3 Nxc4 13. Qxc5 Nxd2 14.
Qe5 Nde4 15. g5 O-O 16. gxf6 Nxf6 17. Bg2 Qa3 18. Rd1 Qxa2 19. h4 Qc4 20. h5 Nxh5 21.
Rxh5 gxh5 22. Bf3 Qh4 23. Rd4 Qf6 24. Qg3+ Kh8 25. Bxh5 a5 26. Nf3 a4 27. Rh4 Qxc3+ 28. Kf1 Rg8 29. Bg6 Rg7 30. Qg5 Qa1+ 31. Ne1 Rxg6 32. Qxg6 Qg7 33. Qe8+ Qg8 34. Qe7 a3 35. Qf6+ Qg7 36. Qd8+ Qg8 37. Qf6+ Qg7 38. Qd8+ Qg8 39. Qf6+ 1/2-1/2

[Event "Late-Titled-Tuesday-Blitz-February-06-2024"]
[Site "Chess.com"]
[Date "2024.02.06"]
[Round "4"]
[White "ContrVersia"]
[Black "vanyakuba"]
[Result "1-0"]
[WhiteElo "2849"]
[BlackElo "2358"]
[TimeControl "180+1"]
[EndTime "14:38:50 PST"]
[Termination "ContrVersia won by resignation"]

1. d4 d5 2. c4 e6 3. Nf3 c6 4. Qc2 dxc4 5. Qxc4 b5 6. Qc2 Bb7 7. Nbd2 Nd7 8. Nb3 Rc8 9. Nc5 Nxc5 10. dxc5 a5 11. e4 Qc7 12. Be3 Nf6 13. Be2 Be7 14. O-O O-O 15. Bd4 Nd7 16. e5 Rfd8 17. h4 Nf8 18. h5 Rxd4 19. Nxd4 Qxe5 20. Nb3 a4 21. Na5 Ba8 22. b4 axb3 23. Nxb3 Nd7 24. Rfc1 Bg5 25. Rd1 Nf6 26. a4 Nd5 27. Bf3 bxa4 28. Na5 Nc3 29. Nc4 Qf6 30. Re1 Nb5 31. Nb6 Rd8 32. Rxa4 Nd4 33. Qe4 Nxf3+ 34. Qxf3 Qxf3 35. gxf3 Bb7 36. Ra7 Rb8 37. Nd7 Ra8 38. Rxb7 1-0

[Event "Late-Titled-Tuesday-Blitz-February-06-2024"]
[Site "Chess.com"]
[Date "2024.02.06"]
[Round "4"]
[White "AldokhinIvan"]
[Black "TheoSlade"]
[Result "1-0"]
[WhiteElo "2623"]
[BlackElo "2461"]
[TimeControl "180+1"]
[EndTime "14:38:52 PST"]
[Termination "AldokhinIvan won on time"]

1. e4 e5 2. Nf3 Nc6 3. Bb5 Nf6 4. O-O Nxe4 5. Re1 Nd6 6. Bxc6 dxc6 7. Nxe5 Be7 8. b3 O-O 9. Bb2 Bf6 10. Nc3 Re8 11.
d4 Nf5 12. Ne4 Bxe5 13. dxe5 b6 14. Qf3 Be6 15. Rad1 Qe7 16. g4 Nh4 17. Qg3 Bd5 18. f4 Bxe4 19. Rxe4 Rad8 20. Rf1 Rd2 21. Rf2 Rd1+ 22.
Rf1 Rd2 23. Kh1 Rxc2 24. Bd4 c5 25. Bf2 Ng6 26. Rfe1 Qd8 27. f5 Qd2 28. Be3 Qd5 29. Bf4 Nxf4 30. Qxf4 Qd2 31. Qg3 Rc1 32. Rxc1 Qxc1+ 33.
Re1 Qd2 34. Kg1 Qd4+ 35. Kg2 Qd5+ 36. Kh3 Rd8 37. f6 Qd3 38. Re3 Qf1+ 39. Kh4 gxf6 40. Rf3 Qc1 41. Rxf6 Qd2 42. Rf5 Rd3 43. Qg1 Qh6+ 44.
Rh5 Qg6 45. Qf1 Rd4 46. Rg5 1-0

[Event "Late-Titled-Tuesday-Blitz-February-06-2024"]
[Site "Chess.com"]
[Date "2024.02.06"]
[Round "4"]
[White "VitaliyChayka"]
[Black "GlavkonVVS"]
[Result "1-0"]
[WhiteElo "2430"]
[BlackElo "2617"]
[TimeControl "180+1"]
[EndTime "14:38:53 PST"]
[Termination "VitaliyChayka won by resignation"]

1. d4 Nf6 2. Bf4 c5 3. e3 e6 4. c3 b6 5. Nf3 Bb7 6. Be2 Be7 7. h3 O-O 8. Nbd2 d5 9. O-O Nc6 10. Ne5 Nxe5 11. dxe5 Nd7 12. Nf3 f6 13. exf6 Bxf6 14.
a4 e5 15. Bh2 a6 16. Nd2 Qe7 17. e4 d4 18. Qb3+ Kh8 19. Nc4 Bxe4 20. Nxb6 Rab8 21. a5 d3 22. Bd1 Qd6 23. Qc4 Bg6 24. Bf3 Nxb6 25. axb6 Rxb6 26. Rfd1 Rd8 27. Ra5 Rxb2 28. Rxa6 Qf8 29. Bg3 h6 30. Be4 Bxe4 31. Qxe4 Re2 32. Qc4 e4 33. Re6 d2 34. Qxe2 Bxc3 35. Rxe4 Qf5 36. f3 Kh7 37. Bf2 Rd5 38. Rc4 Bb4 39. Qe4 Kg6 40. g4 Qxe4 41. fxe4 Re5 42. Bg3 Re6 43. e5 Ra6 44. Kf2 Ra3 45. Rf4 Rd3 46.
e6 Rd8 47. e7 Re8 48. Bh4 Kh7 49. Rf8 Rxe7 50. Bxe7 c4 51. Bxb4 1-0

[Event "Late-Titled-Tuesday-Blitz-February-06-2024"]
[Site "Chess.com"]
[Date "2024.02.06"]
[Round "4"]
[White "ogpin"]
[Black "Attacker_2006"]
[Result "0-1"]
[WhiteElo "2234"]
[BlackElo "2492"]
[TimeControl "180+1"]
[EndTime "14:38:55 PST"]
[Termination "Attacker_2006 won by checkmate"]

1. e4 e6 2. d4 d5 3. e5 c5 4. c3 Nc6 5. Nf3 Qb6 6. Bd3 Bd7 7. O-O cxd4 8. Re1 Nge7 9. h4 Nc8 10. Nbd2 dxc3 11. bxc3 Be7 12. Rb1 Qc7 13. c4 Nb6 14.
cxd5 Nxd5 15. Ne4 O-O 16. Bg5 h6 17. Bxe7 Ncxe7 18. Nd6 Bc6 19. Nd4 Nc3 20. Qg4 Nxb1 21. Bxb1 Rad8 22. Re3 Rxd6 23. exd6 Qxd6 24. Rg3 g6 25. h5 g5 26. Qh4 Rd8 27. Rxg5+ hxg5 28. Qxg5+ Kf8 29. Nxc6 Qxc6 30. h6 Rd1+ 31. Kh2 Qc7+ 32. g3 Qc6 33. Qg7+ Ke8 34. Kh3 Qf3 35. Kh4 Rh1+ 36.
Kg5 Rh5# 0-1

[Event "Late-Titled-Tuesday-Blitz-February-06-2024"]
[Site "Chess.com"]
[Date "2024.02.06"]
[Round "4"]
[White "AsterPhoenix"]
[Black "Oleksandr_Bortnyk"]
[Result "0-1"]
[WhiteElo "2623"]
[BlackElo "3079"]
[TimeControl "180+1"]
[EndTime "14:38:56 PST"]
[Termination "Oleksandr_Bortnyk won on time"]

1. e4 Nf6 2. d3 d5 3. Nd2 e5 4. Ngf3 Nc6 5. Be2 Bc5 6. c3 O-O 7. b4 Bd6 8. O-O a6 9. Bb2 Bg4 10. h3 Bh5 11. Nh4 Bxe2 12. Qxe2 Nxe4 13. dxe4 Qxh4 14. exd5 Ne7 15. c4 Bxb4 16. Qxe5 f6 17. Qe4 Qxe4 18. Nxe4 Nf5 19. a3 Be7 20. Rfe1 Rfe8 21. Rad1 Rad8 22. c5 Kf7 23. Kf1 Bf8 24.
a4 Rd7 25. Ba3 Red8 26. Nc3 Ne7 27. c6 bxc6 28. Bxe7 Bxe7 29. dxc6 Rxd1 30. Rxd1 Rxd1+ 31. Nxd1 Ke6 32. Ke2 Kd5 33. Kd3 Kxc6 34. Kc4 Kd6 35. Ne3 Ke5 36. Kd3 Bd6 37. Kc4 Ke4 38. Nd5 h5 39. Nc3+ Ke5 40. Nd5 h4 41. Ne3 f5 42.
Nd5 g5 43. Ne3 Ke4 44. Nd5 g4 45. Nf6+ Ke5 46. Nd7+ Ke4 47. Nb8 f4 48. hxg4 f3 49. gxf3+ Kxf3 50. g5 h3 51. g6 Bf8 52. Nd7 Bg7 0-1

[Event "Late-Titled-Tuesday-Blitz-February-06-2024"]
[Site "Chess.com"]
[Date "2024.02.06"]
[Round "4"]
[White "pooh2012"]
[Black "ameetghasi100"]
[Result "0-1"]
[WhiteElo "2527"]
[BlackElo "2738"]
[TimeControl "180+1"]
[EndTime "14:38:57 PST"]
[Termination "ameetghasi100 won by resignation"]

1. Nf3 g6 2. h4 h6 3. d4 Bg7 4. c3 d6 5. e4 Nc6 6. Be3 Nf6 7. Qc2 Ng4 8. Bf4 e5 9. dxe5 Ncxe5 10. Be2 O-O 11. Nd4 Nf6 12. Nd2 Re8 13. O-O-O a5 14. f3 a4 15. g4 c6 16. Nc4 Qe7 17. Nb6 Ra5 18. Qd2 h5 19. Nxc8 Rxc8 20. g5 Nfd7 21. Nc2 d5 22. c4 Rc5 23. Qb4 dxe4 24.
Be3 exf3 25. Bxc5 Nxc5 26. Bf1 b5 27. Kb1 bxc4 28. Bxc4 f2 29. Rhf1 Ng4 30. Rd2 a3 31. Rdxf2 Nxf2 32. Rxf2 Rf8 33. Re2 Qd6 34. Rd2 Qe5 35.
Qxa3 Rb8 36. b3 Ne4 37. Rd3 Nc3+ 38. Kc1 Qf4+ 39. Rd2 Ne4 40. Qa5 Bc3 0-1

[Event "Late-Titled-Tuesday-Blitz-February-06-2024"]
[Site "Chess.com"]
[Date "2024.02.06"]
[Round "4"]
[White "GMG"]
[Black "JonasGallasch"]
[Result "1-0"]
[WhiteElo "2680"]
[BlackElo "2377"]
[TimeControl "180+1"]
[EndTime "14:38:58 PST"]
[Termination "GMG won by resignation"]

1. d4 Nf6 2. c4 g6 3. Nc3 d5 4. cxd5 Nxd5 5. e4 Nxc3 6. bxc3 Bg7 7. Bc4 c5 8. Ne2 O-O 9. O-O Nc6 10. Be3 Bg4 11.
f3 Na5 12. Bd3 cxd4 13. cxd4 Be6 14. d5 Bxa1 15. Qxa1 f6 16. Bh6 Re8 17. Kh1 a6 18.
Nf4 Bf7 19. e5 e6 20. exf6 e5 21. Nh3 Qxf6 22. Be4 Nc4 23. Bg5 Qd6 24. Nf2 h5 25.
Rd1 Qb6 26. Nd3 Qd4 27. Qc1 Nd6 28. Nf4 Qc4 29. Qxc4 Nxc4 30. Nxg6 Nd6 31. Ne7+ Kg7 32. Nf5+ Nxf5 33. Bxf5 Rf8 34. g4 hxg4 35. fxg4 Bg6 36.
Be6 Rf2 37. Kg1 Raf8 38. Be7 R8f4 39. Bh4 Rxa2 40. d6 Be4 41. Bxa2 Rxg4+ 42. Bg3 Bf3 43. d7 1-0

[Event "Late-Titled-Tuesday-Blitz-February-06-2024"]
[Site "Chess.com"]
[Date "2024.02.06"]
[Round "4"]
[White "ansko1999"]
[Black "TigrVShlyape"]
[Result "1/2-1/2"]
[WhiteElo "2695"]
[BlackElo "2926"]
[TimeControl "180+1"]
[EndTime "14:38:59 PST"]
[Termination "Game drawn by repetition"]

1. e4 c5 2. Nf3 e6 3. c3 Nf6 4. e5 Nd5 5. d4 cxd4 6. Qxd4 Nc6 7. Qg4 Qc7 8. Qg3 d6 9. Bb5 Bd7 10. exd6 Bxd6 11. Qxg7 O-O-O 12. Qh6 Rhg8 13. g3 a6 14. Be2 f5 15. Nbd2 e5 16. Nc4 Bc5 17.
Ne3 Nde7 18. Bd2 f4 19. Nc4 Nf5 20. Qh5 b5 21. Na3 e4 22. Bxf4 Qb6 23. Nd4 Ncxd4 24. cxd4 Bb4+ 25. Kf1 Nxd4 26. Rc1+ Kb7 27. Rc7+ Ka8 28.
Qxh7 Bc6 29. Be3 Rgf8 30. Nc2 Bc5 31. b4 Bd6 32. Nxd4 Bxc7 33. Ne6 Qxe3 34. Nxc7+ Kb8 35. Nxa6+ Ka8 36. Nc7+ Kb8 37. Na6+ Ka8 38. Nc7+ Kb8 39. Na6+ 1/2-1/2

[Event "Late-Titled-Tuesday-Blitz-February-06-2024"]
[Site "Chess.com"]
[Date "2024.02.06"]
[Round "4"]
[White "mitrabhaa"]
[Black "dretch"]
[Result "0-1"]
[WhiteElo "2935"]
[BlackElo "2834"]
[TimeControl "180+1"]
[EndTime "14:39:00 PST"]
[Termination "dretch won by resignation"]

1. Nf3 d5 2. d4 Nf6 3. Bf4 c5 4.
e3 Nc6 5. Nbd2 Bf5 6. dxc5 e6 7. Nd4 Bxc5 8. Nxf5 exf5 9. c3 O-O 10. Bd3 g6 11.
O-O Re8 12. Nb3 Bd6 13. Bxd6 Qxd6 14. Be2 f4 15. exf4 Qxf4 16. Bf3 Ne5 17. Nd4 Rad8 18.
Re1 Nfg4 19. g3 Nxf3+ 20. Qxf3 Qxf3 21. Nxf3 Re4 22. Nd4 Ne5 23. f3 Rxd4 24. Rxe5 Rd2 25. b3 Rc8 26. Re3 d4 27. cxd4 Rcc2 28. f4 Rg2+ 29.
Kf1 Rxh2 30. Kg1 Rhd2 31. f5 gxf5 32. Rf3 Rxd4 33. Rxf5 Rdd2 34. Rf3 Rxa2 35. Re1 Rg2+ 36. Kh1 Rh2+ 37. Kg1 Rag2+ 38. Kf1 Rh1+ 39. Kxg2 Rxe1 40.
Rd3 Rb1 41. Kf3 a5 42. Kg4 b5 43. Kh4 Kg7 44. Kg5 a4 45. bxa4 bxa4 46. Rd4 Rb5+ 47. Kf4 Ra5 48. Rd2 a3 49. Ra2 Kg6 50. Kg4 Ra4+ 51.
Kh3 h5 52. Kh2 Kg5 53. Kg2 Kg4 54. Kf2 f5 55. Kg2 h4 56. gxh4 Kxh4 57. Kf3 Kg5 58. Ke3 f4+ 59. Kd3 Kg4 60. Ke2 Kg3 61. Kf1 f3 62. Kg1 Ra8 63. Rg2+ Kf4 64. Ra2 Ke3 65. Kf1 Kd3 66. Kf2 Kc3 67. Kxf3 Kb3 0-1

[Event "Late-Titled-Tuesday-Blitz-February-06-2024"]
[Site "Chess.com"]
[Date "2024.02.06"]
[Round "4"]
[White "Squirlolz"]
[Black "nihalsarin"]
[Result "0-1"]
[WhiteElo "2579"]
[BlackElo "3104"]
[TimeControl "180+1"]
[EndTime "14:39:00 PST"]
[Termination "nihalsarin won on time"]

1. e4 c6 2. d4 d5 3. Nd2 dxe4 4.
Nxe4 Nd7 5. Nf3 Ngf6 6. Nxf6+ Nxf6 7. c3 Bf5 8. Bd3 Bxd3 9. Qxd3 e6 10. Bf4 Be7 11.
O-O O-O 12. Rfe1 Re8 13. Rad1 Qa5 14. a3 Rad8 15. h3 Qb5 16. Qxb5 cxb5 17. Bg5 Nd5 18. Bxe7 Rxe7 19. Ne5 Rc7 20. Nd3 Nb6 21. Re5 a6 22. Re2 Kf8 23. g4 Na4 24. Kg2 h6 25. f4 Nb6 26.
Kf3 Nc4 27. Ne5 Nxe5+ 28. fxe5 a5 29. Ke4 b4 30. axb4 axb4 31. Re3 g5 32. Ra1 Kg7 33. Rf3 b5 34. Ra5 bxc3 35. Rxc3 Rcd7 36. Rd3 Rd5 37.
Ra7 Kg6 38. b4 Kg7 39. Rb7 Kf8 40. Ra7 Ke8 41. Rc7 R8d7 42. Rxd7 Rxd7 43. Ra3 Rc7 44. Ra5 Rc3 45. Rxb5 Rxh3 46. Rb8+ Ke7 47. Rb7+ Kf8 48. Rb8+ Kg7 49. b5 Rg3 50. b6 Rxg4+ 51. Ke3 Rg3+ 52. Ke4 Rb3 53. b7 h5 54. d5 Rb4+ 55.
Kf3 exd5 56. Kg3 Rb3+ 57. Kf2 h4 0-1

[Event "Late-Titled-Tuesday-Blitz-February-06-2024"]
[Site "Chess.com"]
[Date "2024.02.06"]
[Round "4"]
[White "Quaide7"]
[Black "gunslinger222"]
[Result "1/2-1/2"]
[WhiteElo "2132"]
[BlackElo "2270"]
[TimeControl "180+1"]
[EndTime "14:39:00 PST"]
[Termination "Game drawn by repetition"]

1. e4 d5 2. exd5 Qxd5 3. Nc3 Qa5 4. d4 Nf6 5. Bc4 Bf5 6. Nf3 e6 7. Qe2 Be7 8. Bd2 Qb6 9. O-O-O Nc6 10. Bf4 O-O-O 11. h3 Nxd4 12. Nxd4 Rxd4 13. Be3 Rxd1+ 14. Rxd1 Bc5 15. Bxc5 Qxc5 16. Bb3 Rd8 17. Rxd8+ Kxd8 18. g4 Bg6 19. Qd2+ Qd6 20. Qg5 h6 21. Qe3 a6 22.
a3 b6 23. Kb1 Nd7 24. Ne4 Qe5 25. f3 Bxe4 26. fxe4 Nc5 27. Qd2+ Ke7 28. Qb4 Qxe4 29.
Qc3 f6 30. Ka2 a5 31. Bc4 g6 32. Bd3 Qd5+ 33. b3 Nxd3 34. cxd3 c5 35. Qd2 g5 36. Qe3 Qd4 37. Qe2 e5 38. Qf3 Kd6 39. Qxf6+ Kd5 40. Qd8+ Kc6 41. Qc8+ Kd6 42. Qd8+ Kc6 43. Qc8+ Kd6 44.
Qd8+ Kc6 1/2-1/2

[Event "Late-Titled-Tuesday-Blitz-February-06-2024"]
[Site "Chess.com"]
[Date "2024.02.06"]
[Round "4"]
[White "pfalcon1949"]
[Black "norwaytoadog"]
[Result "1-0"]
[WhiteElo "1968"]
[BlackElo "2235"]
[TimeControl "180+1"]
[EndTime "14:39:01 PST"]
[Termination "pfalcon1949 won on time"]

1. e4 c5 2. Nf3 d6 3. d4 cxd4 4. Nxd4 Nf6 5. Nc3 a6 6. h3 e5 7. Nf3 Be7 8. g4 Be6 9. g5 Nfd7 10. Be3 Nc6 11. h4 b5 12. h5 Rc8 13. a4 b4 14.
Nd5 a5 15. Qd2 O-O 16. Nh4 Bxd5 17. exd5 Nd4 18. Bxd4 exd4 19. Rg1 Re8 20. Be2 Ne5 21. O-O-O b3 22. c3 dxc3 23. bxc3 Qd7 24. Bb5 Qh3 25.
Bxe8 Rxc3+ 26. Kb1 Nc4 27. Bxf7+ Kf8 28. Qf4 Na3+ 29.
Ka1 b2+ 30. Ka2 b1=Q+ 31. Rxb1 Rc2+ 32. Rb2 Rxb2+ 33. Kxb2 Bf6+ 34. gxf6 Qc8 35. fxg7+ 1-0

[Event "Late-Titled-Tuesday-Blitz-February-06-2024"]
[Site "Chess.com"]
[Date "2024.02.06"]
[Round "4"]
[White "JoakimVonAnd"]
[Black "Harsha_Bharathakoti"]
[Result "1-0"]
[WhiteElo "2669"]
[BlackElo "2900"]
[TimeControl "180+1"]
[EndTime "14:39:02 PST"]
[Termination "JoakimVonAnd won on time"]

1. d4 d5 2. c4 e6 3. Nc3 a6 4. cxd5 exd5 5. Bf4 c6 6. e3 Bd6 7.
Bg3 Ne7 8. Nf3 O-O 9. Bd3 Bf5 10.
O-O Bxg3 11. hxg3 Nd7 12. Na4 Bxd3 13. Qxd3 Re8 14. Rac1 Nc8 15. Nc5 Nd6 16. Nxd7 Qxd7 17. Ne5 Qe6 18. b3 g6 19. Qd1 Kg7 20. Qg4 Nf5 21.
Nd3 h5 22. Qh3 Qf6 23. Nc5 Re7 24. Nd3 Rh8 25. g4 hxg4 26. Qxg4 Re4 27. Nf4 Nxd4 28. g3 Nf5 29. Kg2 Rxe3 30. Rce1 Rxe1 31. Rxe1 d4 32.
Re8 Qd6 33. Re2 c5 34. Re6 fxe6 35. Qxg6+ Kf8 36. Qf6+ Kg8 37. Nxe6 Qd5+ 38. f3 Ne3+ 39. Kg1 1-0

[Event "Late-Titled-Tuesday-Blitz-February-06-2024"]
[Site "Chess.com"]
[Date "2024.02.06"]
[Round "4"]
[White "Bryanl106"]
[Black "picturesquecheck"]
[Result "1/2-1/2"]
[WhiteElo "2544"]
[BlackElo "2401"]
[TimeControl "180+1"]
[EndTime "14:39:05 PST"]
[Termination "Game drawn - insufficient material"]

1. e4 d6 2. d4 g6 3. Nf3 Bg7 4.
Bc4 e6 5. O-O Ne7 6. Bb3 a6 7.
a4 O-O 8. Re1 Nd7 9. c3 c5 10. a5 Rb8 11. Nbd2 b5 12. axb6 Qxb6 13. Ra3 cxd4 14. Nc4 Qc7 15. cxd4 d5 16. exd5 Nxd5 17. Bg5 Re8 18. Bh4 Rb4 19. Bg3 Qc6 20. Nd6 Rd8 21. Ba4 Qb6 22. Nxc8 Rxc8 23. Bxd7 Rd8 24. Ba4 Rxb2 25.
Rb3 Rxb3 26. Qxb3 Bxd4 27. Qxb6 Bxb6 28. Bb3 Nb4 29. h3 Rd3 30. Bc4 Rc3 31. Bf1 a5 32. Rd1 h6 33. Rd6 Bc7 34. Rd7 Bxg3 35. fxg3 a4 36.
Ra7 a3 37. Nd2 a2 38. Ra4 Kg7 39. Kh2 Rc1 40. Nb3 Rc3 41. Rxb4 Rxb3 42. Ra4 Rb1 43. Rxa2 Rxf1 44. g4 Rf4 45. Kg3 Rd4 46. Kf3 Rd5 47. g3 h5 48. gxh5 Rxh5 49. h4 Rd5 50.
Ra4 Rd3+ 51. Kf4 Rb3 52. Ra5 Rb1 53. h5 gxh5 54. Rxh5 Rf1+ 55. Ke4 Kg6 56. Rh8 f5+ 57. Ke5 Re1+ 58. Kf4 Re4+ 59. Kf3 Kf6 60. Rf8+ Ke5 61.
Ra8 Rb4 62. Ra5+ Kf6 63. Ra6 Rb5 64. Ra4 Re5 65. Ra3 Kg5 66. Ra8 Re4 67. Rg8+ Kf6 68.
Rf8+ Ke5 69. Ra8 Rb4 70. Ra3 Kf6 71. Rc3 Ra4 72. Rc6 Kf7 73. Rb6 e5 74. Rc6 Ra3+ 75.
Kf2 e4 76. Rb6 Rf3+ 77. Kg2 Rd3 78. Kf2 Rd5 79. Ke3 Rd3+ 80. Kf4 Rf3+ 81. Ke5 e3 82. Rb1 Rxg3 83. Kxf5 e2 84. Re1 Re3 85. Kf4 Re6 86. Kf3 Re5 87. Rxe2 Rxe2 88. Kxe2 1/2-1/2

[Event "Late-Titled-Tuesday-Blitz-February-06-2024"]
[Site "Chess.com"]
[Date "2024.02.06"]
[Round "4"]
[White "aleksanchess"]
[Black "Resignify"]
[Result "1-0"]
[WhiteElo "2241"]
[BlackElo "2318"]
[TimeControl "180+1"]
[EndTime "14:39:05 PST"]
[Termination "aleksanchess won on time"]

1. d4 Nf6 2. c4 g6 3. Nc3 Bg7 4. e4 d6 5. Nf3 O-O 6. Be2 e5 7.
d5 Nbd7 8. O-O Nc5 9. Qc2 a5 10. Bg5 h6 11. Be3 Ne8 12. Nd2 f5 13. f3 f4 14. Bf2 Bf6 15. b3 Bh4 16. a3 Bxf2+ 17. Rxf2 Nf6 18. Rff1 g5 19. b4 axb4 20. axb4 Rxa1 21.
Rxa1 Ncd7 22. Nb5 h5 23. Ra8 Nb6 24. Ra7 c6 25. dxc6 bxc6 26. Na3 Nbd5 27. c5 Ne3 28.
Qb3+ d5 29. exd5 cxd5 30. Ne4 Be6 31. Nxg5 Bf5 32. h4 Qb8 33. Re7 Re8 34. Rf7 Rf8 35.
Re7 Re8 36. Rxe8+ Nxe8 37. b5 Bd7 38. Qd3 Bf5 39. Qd2 Qc7 40. Qb4 Qe7 41. b6 d4 42. b7 1-0

[Event "Late-Titled-Tuesday-Blitz-February-06-2024"]
[Site "Chess.com"]
[Date "2024.02.06"]
[Round "4"]
[White "Zhigalko_Sergei"]
[Black "jaskol95"]
[Result "1-0"]
[WhiteElo "2943"]
[BlackElo "2592"]
[TimeControl "180+1"]
[EndTime "14:39:08 PST"]
[Termination "Zhigalko_Sergei won by resignation"]

1. e4 d5 2. exd5 Nf6 3. d4 Bg4 4. Bb5+ Nbd7 5. Be2 Bxe2 6. Qxe2 Nxd5 7. c4 N5f6 8. Nf3 e6 9. O-O c6 10. Bf4 Be7 11. Nc3 O-O 12. Rad1 Qa5 13. h3 Bb4 14. Rd3 Rfd8 15. Rfd1 h6 16. Ne5 Nxe5 17. Bxe5 Be7 18. Rg3 Kf8 19. Ne4 Ne8 20. a3 f6 21. Bf4 Qf5 22. Rf3 Qg6 23. Nc3 Qf7 24. Re3 Bd6 25. Bxd6+ Nxd6 26. Rxe6 Re8 27. d5 cxd5 28.
cxd5 Nf5 29. Qc4 Rec8 30. Qe4 Qg6 31. d6 Rd8 32. d7 a6 33. Ne2 a5 34. Nf4 Qg5 35. Rb6 Nh4 36. Ne6+ Kf7 37. Nxg5+ hxg5 38. Qd5+ Kg6 39. g3 Nf5 40. Qd3 g4 1-0

[Event "Late-Titled-Tuesday-Blitz-February-06-2024"]
[Site "Chess.com"]
[Date "2024.02.06"]
[Round "4"]
[White "Goryachkina"]
[Black "ilya2700"]
[Result "1-0"]
[WhiteElo "2677"]
[BlackElo "2341"]
[TimeControl "180+1"]
[EndTime "14:39:08 PST"]
[Termination "Goryachkina won on time"]

1. e4 c5 2. Nf3 e6 3. d4 cxd4 4. Nxd4 Nf6 5. Nc3 Nc6 6. Ndb5 Bb4 7. a3 Bxc3+ 8. Nxc3 d5 9. exd5 exd5 10. Bd3 O-O 11.
O-O d4 12. Ne2 Bg4 13. h3 Bh5 14. Qd2 Bxe2 15. Qxe2 Re8 16. Qd1 Qb6 17. Bg5 Ne5 18.
Bf5 Rad8 19. Re1 Nc4 20. b3 Rxe1+ 21. Qxe1 Re8 22. Qb4 Nd6 23. Bd3 Nd5 24. Qxb6 axb6 25. Kf1 b5 26. Re1 Rxe1+ 27. Kxe1 h6 28. Bd2 f5 29. Be2 Kf7 30. Ba5 Ke6 31. g4 f4 32. Bf3 1-0

[Event "Late-Titled-Tuesday-Blitz-February-06-2024"]
[Site "Chess.com"]
[Date "2024.02.06"]
[Round "4"]
[White "Karttunen"]
[Black "N_Mullodzhanov"]
[Result "1-0"]
[WhiteElo "2643"]
[BlackElo "2468"]
[TimeControl "180+1"]
[EndTime "14:39:08 PST"]
[Termination "Karttunen won by checkmate"]

1. d4 Nf6 2. c4 g6 3. Nc3 Bg7 4. e4 d6 5. Nf3 O-O 6. h3 e5 7. d5 a5 8. Be3 Na6 9. Nd2 Nd7 10. g4 f5 11. gxf5 gxf5 12. exf5 Ndc5 13. Rg1 Bxf5 14. Bh6 Bg6 15. Bxg7 Kxg7 16. Nde4 Kh8 17. Rxg6 hxg6 18. Qg4 Kg7 19. O-O-O Rf4 20. Qg2 Qh4 21. f3 Nxe4 22. Nxe4 b6 23. Bd3 Qh6 24. Kb1 Nc5 25.
Nxc5 bxc5 26. Rg1 Rf6 27. Qg4 Rd8 28. Be4 a4 29. a3 Kh7 30. h4 Kg7 31. h5 g5 32. Ka2 Rf4 33. Qg2 Rdf8 34. Qc2 Qxh5 35. Qxa4 R8f7 36. Qe8 g4 37. a4 Qg5 38. Rh1 Re7 39. Rh7+ Kf6 40. Qf8+ Rf7 41. Qxf7# 1-0